 Dungeon Crawl Stone Soup version 0.17-a0-1830-g81820eb (webtiles) character file.

56 enrike the Charmwright (level 3, -6/24 HPs)
             Began as a High Elf Skald on Sept 13, 2015.
             Mangled by a worm (8 damage)
             ... on level 2 of the Dungeon.
             The game lasted 00:16:22 (3231 turns).

enrike the Charmwright (High Elf Skald)             Turns: 3231, Time: 00:16:23

Health: -6/24      AC:  8    Str: 12    XL:     3   Next: 69%
Magic:  7/7        EV: 12    Int: 16    God:
Gold:   105        SH:  0    Dex: 14    Spells: 1 memorised, 5 levels left

rFire  . . .     SeeInvis .     e - +2 dagger (protect)
rCold  . . .     Clarity  .     b - +0 leather armour
rNeg   + . .     SustAt   .     (no shield)
rPois  .         Gourm    .     (no helmet)
rElec  .         Spirit   .     (no cloak)
rCorr  .         Warding  +     (no gloves)
rMut   .         Stasis   .     (no boots)
MR     .....                    m - amulet of warding
Stlth  +.........               (no ring)
                                (no ring)

@: not resistant to hostile enchantments, very unstealthy
A: no striking features
a: no special abilities


You were on level 2 of the Dungeon.
You were not hungry.

You visited 1 branch of the dungeon, and saw 3 of its levels.

You collected 105 gold pieces.

Inventory:

Hand weapons
 a - a +0 short sword
 e - a +2 dagger of protection (weapon)
 g - a +0 whip
 h - a +0 hunting sling
 i - a +0 hand axe
Missiles
 f - 20 arrows
 k - 16 bolts
 o - 24 poisoned needles
 t - 7 needles of sleeping
Armour
 b - a +0 leather armour (worn)
 n - a +0 leather armour
 r - a +0 robe
Jewellery
 m - an amulet of warding (around neck)
Scrolls
 u - a scroll of enchant armour {unknown}
Potions
 j - 3 potions of heal wounds
 l - a potion of magic {unknown}
 p - a potion of curing {unknown}
Books
 c - a book of Battle

   Spells                             Type                      Level
   a - Infusion                       Charms                       1
   b - Shroud of Golubria             Charms/Translocation         2
   c - Song of Slaying                Charms                       2
   d - Spectral Weapon                Hexes/Charms                 3
   e - Regeneration                   Charms/Necromancy            3
Comestibles
 q - a chunk of flesh


   Skills:
 + Level 2.2 Fighting
 + Level 2.5 Short Blades
 + Level 1.9 Armour
 + Level 2.4 Dodging
 + Level 0.2 Stealth
 + Level 2.4 Spellcasting
 + Level 4.1 Charms


You had 5 spell levels left.
You knew the following spells:

 Your Spells              Type           Power        Failure   Level  Hunger
a - Infusion              Chrm           ###...       6%          1    #......


Dungeon Overview and Level Annotations

Branches:
Dungeon (3/15)

Altars:
Trog


Message History

The rat bites you but does no damage. x2
You hit the worm.
The worm is severely wounded.
The rat bites you but does no damage. The worm bites you.
* * * LOW HITPOINT WARNING * * *
You hit the worm.
The worm is almost dead.
The rat closely misses you.
Your leather armour prevents you from hitting the worm.
The worm is almost dead.
The rat barely misses you. The worm bites you.
* * * LOW HITPOINT WARNING * * *
The rat bites you but does no damage.
You completely miss the worm.
The worm is severely wounded.
The rat barely misses you.
You completely miss the worm.
The worm is severely wounded.
The rat barely misses you. The worm bites you!
You die...

*,,,,,,+,,,,, *********
**#####....,,*****,
,,,,,,,,*######,,...#...,,,* *,
,,,,,,,###....##,...#..,,,,* *,
,,<,,*##)......###....#***** *,
,*,*,*#.).......##.#..# *,
,*,*,*#.r..#....##.#..######**##.
,,,,,*....###...##..........,,...
,,,*,*)._w#y#..w@......#******#..
,,,*,*....###..r##...#รท### #..
****,*#)...#....##....)..######..
+,,,,*#.........#.......)........
******##.......##........######.#
* ###....####.......# #.# *
###### #....#..# #.# #.#
#######.## ###.# #.# #..# #....


You could see a moth of wrath, 2 worms and a rat (berserk).

Vanquished Creatures
  An adder (D:2)
  A worm (D:3)
  A ball python (D:1)
  A giant cockroach (D:2)
  8 goblins
  7 hobgoblins
  2 quokkas (D:2)
  8 bats
  4 giant newts
  4 kobolds
  8 rats
45 creatures vanquished.

Notes
Turn   | Place    | Note
--------------------------------------------------------------
     0 | D:1      | enrike the High Elf Skald began the quest for the Orb.
     0 | D:1      | Reached XP level 1. HP: 14/14 MP: 4/4
   773 | D:1      | Reached skill level 4 in Charms
  1183 | D:1      | Reached skill level 1 in Armour
  1183 | D:1      | Reached XP level 2. HP: 13/19 MP: 6/6
  2647 | D:2      | Reached XP level 3. HP: 10/24 MP: 7/7
  3203 | D:2      | Noticed a moth of wrath
  3206 | D:2      | Found a bloodstained altar of Trog.
  3229 | D:2      | HP: 1/24 [worm (5)]
  3231 | D:2      | Mangled by a worm

Vault maps used:
D:1:      lemuel_arrival_lava_pool
D:2:      tgw_trog
D:3:      nemelex_xobeh_ov_fountains_minmay, portal_sewer_entry_f,
          hex_intersection

Action                   || total
-------------------------++-------
Melee: Short sword       ||   118
       Dagger            ||   110
  Use: Scroll            ||     4
  Eat: Chunk             ||     1
       Bread ration      ||     2
